 Dungeon Crawl Stone Soup version 0.24-a0-479-g9a978d2894 (webtiles) character file.

Game seed: 17012473427965491019

32907 Gargoyl the Slinger (level 13, -3/113 HPs)
             Began as a Centaur Abyssal Knight on July 8, 2019.
             Was a High Priest of Lugonu.
             Slain by a catoblepas (9 damage)
             ... on level 6 of the Lair of Beasts.
             The game lasted 00:39:48 (19766 turns).

Gargoyl the Slinger (Centaur Abyssal Knight)       Turns: 19766, Time: 00:39:50

Health: -3/113     AC: 13    Str: 20    XL:     13   Next: 33%
Magic:  17/20      EV: 10    Int: 11    God:    Lugonu [*****.]
Gold:   1201       SH: 12    Dex: 14    Spells: 12/12 levels left

rFire    . . .     SeeInvis .   u - +12 broad axe of Woe {chop, Dex+3}
rCold    . . .     Gourm    .   v - +3 buckler
rNeg     + . .     Faith    .   q - +0 chain mail
rPois    +         Spirit   .   (no helmet)
rElec    .         Reflect  +   f - +2 cloak
rCorr    .         Harm     .   (no gloves)
MR       .....                  (no barding)
Stlth    ..........             j - +4 amulet of reflection
HPRegen  0.28/turn              d - ring of poison resistance
MPRegen  0.17/turn              o - ring of positive energy

@: very quick
A: large, claws 1, hooves 3, deformed body, speed 2, strong 1, tough skin 3,
wild magic 2, sturdy frame 1
a: Depart the Abyss, Bend Space, Banish, Corrupt, Enter the Abyss, Renounce
Religion


You were on level 6 of the Lair of Beasts.
You worshipped Lugonu.
Lugonu was extremely pleased with you.
You were not hungry.

You visited 2 branches of the dungeon, and saw 16 of its levels.
You visited the Abyss 1 time.
You also visited: Ossuary, Bailey and Ice Cave.

You collected 1256 gold pieces.
You spent 55 gold pieces at shops.

Inventory:

Hand Weapons
 a - a +2 hand axe
 e - the +9 hunting sling of Unreason {velocity, rElec}
   (You found it on level 5 of the Dungeon)

   Any stone fired from it inflicts extra damage.
   It insulates you from electricity.
 t - a +4 hand axe
 u - the +12 broad axe of Woe (weapon) {chop, Dex+3}
   (You found it on level 4 of the Lair of Beasts)

   It inflicts extra damage upon your enemies.
   It affects your dexterity (+3).
Missiles
 y - 214 stones (quivered)
 z - 4 javelins
Armour
 f - a +2 cloak (worn)
 q - a +0 chain mail (worn)
 v - a +3 buckler (worn)
Jewellery
 d - a ring of poison resistance (left claw)
 j - a +4 amulet of reflection (around neck)
 o - a ring of positive energy (right claw)
 C - an uncursed ring of see invisible
 K - an uncursed ring of resist corrosion
Wands
 A - a wand of flame (38)
 D - a wand of random effects (45)
 E - a wand of iceblast (5)
 I - a wand of clouds (6)
 J - a wand of scattershot (5)
 N - a wand of polymorph (7)
Scrolls
 i - 10 scrolls of remove curse
 l - 7 scrolls of identify
 s - 6 scrolls of teleportation
 H - a scroll of fear
 L - a scroll of amnesia
Potions
 b - 6 potions of curing
 g - a potion of cancellation
 h - 4 potions of haste
 k - 5 potions of brilliance
 m - a potion of berserk rage
 n - 2 potions of agility
 p - 2 potions of lignification
 r - 7 potions of heal wounds
 w - a potion of ambrosia
 x - a potion of might
 B - a potion of mutation
 F - 2 potions of resistance
 M - 2 potions of flight
Comestibles
 c - 23 rations
 G - 3 chunks of flesh


   Skills:
 + Level 9.8 Fighting
 + Level 7.2 Axes
 + Level 11.8 Slings
 * Level 7.7 Armour
 * Level 6.6 Dodging
 + Level 3.2 Shields
 * Level 10.1 Invocations
 + Level 1.6 Evocations


You had 12 spell levels left.
You didn't know any spells.
Your spell library contained the following spells:

 Spells                   Type           Power        Failure   Level  Hunger
 Animate Skeleton         Necr           N/A          94%         1    ##.....
 Apportation              Tloc           #.....       94%         1    ##.....
 Confusing Touch          Hex            #.....       94%         1    ##.....
 Corona                   Hex            #......      94%         1    ##.....
 Infusion                 Chrm           #...         94%         1    ##.....
 Magic Dart               Conj           #...         94%         1    ##.....
 Summon Butterflies       Summ           #.......     94%         1    ##.....
 Summon Small Mammal      Summ           #...         94%         1    ##.....
 Blink                    Tloc           N/A          98%         2    ###....
 Call Imp                 Summ           #.......     98%         2    ###....
 Ensorcelled Hibernation  Hex/Ice        #.....       98%         2    ###....
 Poisonous Vapours        Pois/Air       #.....       98%         2    ###....
 Shroud of Golubria       Chrm/Tloc      #.....       98%         2    ###....
 Slow                     Hex            #.......     98%         2    ###....
 Song of Slaying          Chrm           #.......     98%         2    ###....
 Sublimation of Blood     Necr           #.........   98%         2    ###....
 Call Canine Familiar     Summ           #.......     100%        3    ####...
 Confuse                  Hex            #.......     100%        3    ####...
 Conjure Flame            Conj/Fire      #.......     100%        3    ####...
 Dazzling Spray           Conj/Hex       #.....       100%        3    ####...
 Ignite Poison            Fire/Tmut/Pois #.......     100%        3    ####...
 Mephitic Cloud           Conj/Pois/Air  #.......     100%        3    ####...
 Regeneration             Chrm/Necr      #.........   100%        3    ####...
 Spectral Weapon          Hex/Chrm       #.......     100%        3    ####...
 Tukima's Dance           Hex            #.......     100%        3    ####...
 Petrify                  Tmut/Erth      #.......     100%        4    #####..
 Summon Ice Beast         Ice/Summ       #.......     100%        4    #####..
 Alistair's Intoxication  Tmut/Pois      #.......     100%        5    ######.
 Bolt of Magma            Conj/Fire/Erth #.........   100%        5    ######.
 Irradiate                Conj/Tmut      #.........   100%        5    ######.
 Iskenderun's Battlesphe  Conj/Chrm      #.......     100%        5    ######.
 Summon Mana Viper        Hex/Summ       #.......     100%        5    ######.
 Venom Bolt               Conj/Pois      #.........   100%        5    ######.
 Freezing Cloud           Conj/Ice/Air   #.........   100%        6    #######
 Iron Shot                Conj/Erth      #.........   100%        6    #######
 Orb of Destruction       Conj           #.........   100%        7    #######
 Ring of Flames           Chrm/Fire      #.........   100%        7    #######
 Spellforged Servitor     Conj/Summ      #.........   100%        7    #######
 Summon Hydra             Summ           #.........   100%        7    #######


Dungeon Overview and Level Annotations

Branches:
Dungeon (10/15)            Temple (0/1) D:7            Lair (6/6) D:8
  Swamp (0/4) Lair:2       Spider (0/4) Lair:2
  Slime: Lair:5-6       Orc: D:9-12

Altars:
Ashenzari
Fedhas
Gozag
Kikubaaqudgha
Vehumet
Wu Jian
The Shining One

Shops:
D:7 !

Annotations:
D:3 3 runed translucent doors, chipichau's ghost, amateur SpAs
Lair:3 exclusion: oklob plant


Innate Abilities, Weirdness & Mutations

You have hooves in place of feet.
Armour fits poorly on your strangely shaped body.
You cover ground very quickly.
You have extremely tough skin. (AC +3)
You have sharp fingernails.
Your muscles are strong. (Str +2)
Your spells are harder to cast, but more powerful.
Your movements are slightly less encumbered by armour. (ER -2)


Message History

The catoblepas breathes a plume of calcifying dust at you.
The blast of calcifying dust hits you but does no damage.
You see here 17 gold pieces.
You hit the catoblepas.
The catoblepas is lightly wounded.
You block the catoblepas's attack.
The catoblepas breathes a plume of calcifying dust at you.
The blast of calcifying dust hits you.
* * * LOW HITPOINT WARNING * * *
You hit the catoblepas but do no damage.
You kick the catoblepas, but do no damage.
The catoblepas is lightly wounded.
You block the catoblepas's attack.
You hit the catoblepas but do no damage.
You kick the catoblepas, but do no damage.
The catoblepas is lightly wounded.
The catoblepas gores you!!
* * * LOW HITPOINT WARNING * * *
The catoblepas gores you!
You die...

.# .#
.# #.##
###...#
##....#
##$@..#
#$:Y§§#
###§###
###


You could see a catoblepas.

Vanquished Creatures
  6 death yaks
  An orb spider (Lair:2)
  2 black mambas (Lair:4)
  An ice statue (IceCv)
  A torpor snail (Lair:5)
  Psyche (D:8)
  6 spiny frogs
  A rime drake (Lair:5)
  6 komodo dragons
  18 polar bears (IceCv)
  A raiju (Abyss:4)
  4 hippogriffs
  38 yaks
  2 wyverns
  A wraith (D:7)
  Eustachio (D:6)
  A basilisk (Lair:1)
  2 neqoxecs
  A chaos spawn (Abyss:3)
  11 water moccasins
  5 porcupines
  Duvessa (D:7)
  2 orc warriors (Bailey)
  2 sky beasts
  2 black bears
  18 wolves
  2 phantoms
  2 ogres
  A centaur (D:3)
  8 necrophages
  10 crocodiles
  A big kobold (D:8)
  2 elf zombies (D:7)
  10 bullfrogs
  A wyvern skeleton (D:7)
  Dowan (D:7)
  4 scorpions
  5 killer bees (D:9)
  14 wights
  4 electric eels
  4 crimson imps
  3 hounds
  4 human zombies
  5 centaur zombies
  9 orc priests
  2 bullfrog skeletons (D:4)
  A centaur skeleton (D:8)
  A gnoll shaman (D:6)
  A jelly (D:8)
  3 orc wizards
  Crazy Yiuf (D:2)
  An iron imp (D:5)
  An iguana (D:6)
  2 human skeletons (D:7)
  A killer bee zombie (D:5)
  3 worker ants
  A big kobold zombie (Ossuary)
  4 mummies
  A worker ant zombie (D:5)
  7 gnolls
  8 adders
  A shadow imp (D:8)
  12 white imps (Lair:3)
  2 adder zombies (Ossuary)
  An adder skeleton (D:4)
  A worm (D:2)
  5 dart slugs
  9 leopard geckos
  22 orcs
  5 ball pythons
  8 bats
  4 giant cockroaches
  10 hobgoblins
  11 jackals
  12 kobolds
  6 quokkas
  5 frilled lizards
  8 goblins
  2 goblin skeletons (D:5)
  A goblin zombie (D:5)
  12 hobgoblin zombies
  A jackal skeleton (D:9)
  3 jackal zombies
  A kobold skeleton (D:5)
  8 kobold zombies
  A leopard gecko skeleton (D:4)
  A leopard gecko zombie (D:5)
  2 orc skeletons
  11 orc zombies (Ossuary)
  A quokka zombie (D:5)
  7 rats
  2 rat zombies (Ossuary)
  2 butterflies (D:7)
440 creatures vanquished.

Vanquished Creatures (others)
  A white draconian (IceCv)
  The ghost of Thantalas the Blocker, a journeyman GnFi of Okawaru (Lair:4)
  5 hydras
  An unseen horror (D:6)
  A polar bear (IceCv)
  A centaur (D:6)
  A kobold (D:3)
  5 fungi
  A plant (Lair:4)
17 creatures vanquished.

Grand Total: 457 creatures vanquished

Notes
Turn   | Place    | Note
-------+----------+-------------------------------------------
     0 | Abyss:1  | Gargoyl the Centaur Abyssal Knight began the quest for the
                  | Orb.
     0 | Abyss:1  | Reached XP level 1. HP: 19/19 MP: 2/2
   121 | Abyss:3  | Noticed a chaos spawn
   128 | Abyss:3  | Killed a chaos spawn
   128 | Abyss:3  | Reached XP level 2. HP: 28/28 MP: 3/3
   129 | Abyss:3  | Reached XP level 3. HP: 34/34 MP: 4/4
   129 | Abyss:3  | Reached XP level 4. HP: 41/41 MP: 5/5
   143 | Abyss:3  | Noticed a neqoxec
   148 | Abyss:3  | Killed a neqoxec
   148 | Abyss:3  | Reached skill level 5 in Fighting
   148 | Abyss:3  | Reached XP level 5. HP: 48/48 MP: 5/7
   195 | Abyss:4  | Found a burning altar of Makhleb.
   201 | Abyss:4  | Noticed a neqoxec
   201 | Abyss:4  | Noticed a raiju
   208 | Abyss:4  | Killed a neqoxec
   208 | Abyss:4  | Reached skill level 1 in Evocations
   209 | Abyss:4  | Reached XP level 6. HP: 48/57 MP: 8/8
   209 | Abyss:4  | Killed a raiju
   209 | Abyss:4  | Reached XP level 7. HP: 54/64 MP: 9/9
   214 | Abyss:4  | Noticed a large abomination
   220 | Abyss:5  | Entered Level 5 of the Abyss
   260 | Abyss:5  | Noticed a thrashing horror
   260 | Abyss:5  | Noticed a thrashing horror
   261 | Abyss:5  | Noticed a chaos spawn
   262 | D:1      | Escaped the Abyss
   453 | D:1      | Reached * piety under Lugonu
   825 | D:1      | Reached skill level 1 in Dodging
  1198 | D:2      | HP: 2/64 [orc priest/divine providence (14)]
  1761 | D:2      | Reached ** piety under Lugonu
  1793 | D:2      | Found a runed translucent door.
  1794 | D:2      | Noticed Crazy Yiuf
  1803 | D:2      | Killed Crazy Yiuf
  2227 | D:3      | Found a shattered altar of Ashenzari.
  2480 | D:3      | Found a runed translucent gate.
  2480 | D:3      | Found an opulent altar of Gozag.
  2481 | D:3      | Found a runed translucent gate.
  2483 | D:3      | Found a runed translucent gate.
  2483 | D:3      | Noticed chipichau's ghost (amateur SpAs)
  3227 | D:4      | Reached XP level 8. HP: 63/71 MP: 9/11
  3958 | D:4      | Found a sand-covered staircase.
  3964 | D:4      | Reached *** piety under Lugonu
  3968 | Ossuary  | Entered an ossuary
  4522 | Ossuary  | Reached **** piety under Lugonu
  4759 | D:4      | Reached skill level 5 in Axes
  5077 | D:5      | Entered Level 5 of the Dungeon
  5107 | D:5      | Found a glowing golden altar of the Shining One.
  5137 | D:5      | Got a twisted hunting sling
  5300 | D:5      | Identified the +9 hunting sling of Unreason {velocity,
                  | rElec} (You found it on level 5 of the Dungeon)
  5466 | D:5      | Found a radiant altar of Vehumet.
  5815 | D:6      | Reached skill level 1 in Slings
  5964 | D:6      | Reached XP level 9. HP: 79/79 MP: 12/12
  6159 | D:6      | Reached skill level 5 in Invocations
  6201 | D:6      | Reached skill level 2 in Slings
  6463 | D:6      | Banished an unseen horror
  6463 | D:6      | Reached skill level 3 in Slings
  6744 | D:6      | Noticed Eustachio
  6774 | D:6      | Killed Eustachio
  7281 | D:7      | Reached skill level 1 in Shields
  7678 | D:7      | Reached skill level 4 in Slings
  7778 | D:7      | Found a staircase to the Ecumenical Temple.
  7960 | D:7      | Noticed Dowan
  7969 | D:7      | Killed Dowan
  7974 | D:7      | Noticed Duvessa
  7982 | D:7      | Killed Duvessa
  8314 | D:7      | Reached ***** piety under Lugonu
  8346 | D:7      | Reached XP level 10. HP: 79/85 MP: 14/14
  8442 | D:7      | Reached skill level 5 in Armour
  8448 | D:7      | Found an ancient bone altar of Kikubaaqudgha.
  8686 | D:7      | Found Woferaol's Distillery.
  8689 | D:7      | Bought a potion of heal wounds for 55 gold pieces
  9074 | D:8      | Found a flagged portal.
  9089 | Bailey   | Entered a bailey
  9167 | Bailey   | Reached skill level 5 in Slings
  9276 | Bailey   | Noticed an orc high priest
  9285 | Bailey   | Noticed a rust devil
  9285 | Bailey   | Noticed a rust devil
  9288 | Bailey   | Noticed an orc high priest
  9306 | Bailey   | Noticed a sixfirhy
  9578 | D:8      | Noticed a death yak
  9643 | D:8      | Killed a death yak
  9643 | D:8      | Reached skill level 6 in Slings
  9701 | D:8      | Found a staircase to the Lair.
  9703 | D:8      | Noticed Psyche
  9704 | D:8      | Noticed a death yak
  9714 | D:8      | Killed Psyche
  9801 | D:8      | Killed a death yak
  9804 | D:8      | Reached skill level 7 in Slings
  9977 | D:8      | Noticed a death yak
 10011 | D:8      | Killed a death yak
 10025 | D:8      | Reached skill level 8 in Slings
 10155 | D:8      | Reached XP level 11. HP: 93/93 MP: 16/16
 10263 | D:8      | Found an ornate altar of the Wu Jian Council.
 11037 | D:10     | Entered Level 10 of the Dungeon
 11120 | Lair:1   | Entered Level 1 of the Lair of Beasts
 11425 | Lair:1   | Reached skill level 9 in Slings
 12014 | Lair:1   | Reached ****** piety under Lugonu
 12266 | Lair:2   | Found a staircase to the Swamp.
 12428 | Lair:2   | Reached skill level 5 in Dodging
 12587 | Lair:2   | Reached skill level 10 in Slings
 12965 | Lair:2   | Reached XP level 12. HP: 102/102 MP: 18/18
 13257 | Lair:2   | Found a hole to the Spider Nest.
 14032 | Lair:3   | Found a frozen archway.
 14068 | IceCv    | Entered an ice cave
 15139 | IceCv    | Reached skill level 11 in Slings
 15598 | IceCv    | Noticed a white draconian
 15673 | IceCv    | Banished a white draconian
 15706 | IceCv    | HP: 2/105 [polar bear (11)]
 16602 | Lair:3   | Found a blossoming altar of Fedhas.
 16603 | Lair:3   | Gained mutation: You are dopey. (Int -2) [potion of
                  | mutation]
 16603 | Lair:3   | Gained mutation: You are partially covered in iridescent
                  | scales. (AC +2) [potion of mutation]
 16603 | Lair:3   | Gained mutation: Your flesh is cold resistant. (rC+)
                  | [potion of mutation]
 16604 | Lair:3   | Lost mutation: You are dopey. (Int -2) [potion of mutation]
 16604 | Lair:3   | Lost mutation: You are partially covered in iridescent
                  | scales. (AC +2) [potion of mutation]
 16604 | Lair:3   | Gained mutation: You are agile. (Dex +2) [potion of
                  | mutation]
 16604 | Lair:3   | Gained mutation: Your movements are slightly less
                  | encumbered by armour. (ER -2) [potion of mutation]
 16605 | Lair:3   | Lost mutation: Your flesh is cold resistant. (rC+) [potion
                  | of mutation]
 16605 | Lair:3   | Lost mutation: You are agile. (Dex +2) [potion of mutation]
 16605 | Lair:3   | Gained mutation: You have a pair of small antennae on your
                  | head. [potion of mutation]
 16605 | Lair:3   | Gained mutation: You are partially covered in rugged brown
                  | scales. (AC +1, +3% HP) [potion of mutation]
 16605 | Lair:3   | Gained mutation: Your muscles are strong. (Str +2) [potion
                  | of mutation]
 16606 | Lair:3   | Lost mutation: You are partially covered in rugged brown
                  | scales. (AC +1, +3% HP) [potion of mutation]
 16606 | Lair:3   | Lost mutation: Your muscles are strong. (Str +2) [potion of
                  | mutation]
 16606 | Lair:3   | Lost mutation: You have a pair of small antennae on your
                  | head. [potion of mutation]
 16606 | Lair:3   | Gained mutation: You tend to lose your temper in combat.
                  | [potion of mutation]
 16606 | Lair:3   | Gained mutation: You have sharp fingernails. [potion of
                  | mutation]
 16606 | Lair:3   | Gained mutation: You expend magic power (3 MP) to
                  | strengthen your wands. [potion of mutation]
 16607 | Lair:3   | Lost mutation: You tend to lose your temper in combat.
                  | [potion of mutation]
 16607 | Lair:3   | Lost mutation: You expend magic power (3 MP) to strengthen
                  | your wands. [potion of mutation]
 16607 | Lair:3   | Gained mutation: Your spells are a little harder to cast,
                  | but a little more powerful. [potion of mutation]
 16607 | Lair:3   | Gained mutation: Your spells are harder to cast, but more
                  | powerful. [potion of mutation]
 16607 | Lair:3   | Gained mutation: Your muscles are strong. (Str +2) [potion
                  | of mutation]
 17186 | Lair:4   | Found a runed translucent gate.
 17186 | Lair:4   | Found a runed translucent gate.
 17186 | Lair:4   | Found a runed translucent gate.
 17187 | Lair:4   | Noticed a 12-headed hydra
 17187 | Lair:4   | Noticed a 12-headed hydra
 17188 | Lair:4   | Noticed Thantalas's ghost (journeyman GnFi)
 17193 | Lair:4   | Noticed a nine-headed hydra
 17214 | Lair:4   | Banished a 12-headed hydra
 17219 | Lair:4   | Banished a 12-headed hydra
 17240 | Lair:4   | Banished a nine-headed hydra
 17294 | Lair:4   | Banished Thantalas's ghost
 17363 | Lair:4   | Reached XP level 13. HP: 37/111 MP: 20/20
 17381 | Lair:4   | Got a jewelled broad axe
 17382 | Lair:4   | Identified the +12 broad axe of Woe {chop, Dex+3} (You
                  | found it on level 4 of the Lair of Beasts)
 18240 | Lair:5   | Found the amulet of the Air {Inacc +Fly rElec EV+5 RMsl}
 18273 | Lair:5   | Reached skill level 10 in Invocations
 18932 | Lair:5   | HP: 5/112 [death yak[a torpor snail] (7)]
 18938 | Lair:5   | HP: 5/112 [poisoned by a water moccasin]
 18943 | Lair:5   | HP: 5/112 [poisoned by a water moccasin]
 19748 | Lair:6   | Entered Level 6 of the Lair of Beasts
 19766 | Lair:6   | Slain by a catoblepas

Levels and vault maps discovered:
D:1:      lemuel_arrival_lava_pool, layout_basic
D:2:      layout_loops_cross, uniq_crazy_yiuf_cottage
D:3:      layout_basic, old_standard_altar, ebering_ghost_gozag, first_ration,
          st_stairs_11
D:4:      layout_basic, gup_ossuary_entry_pyramid
D:5:      layout_basic, lemuel_doored_altar, nicolae_tso_besieged_by_evil
D:6:      layout_gridville, uniq_eustachio
D:7:      layout_loops_ring, lemuel_mausoleum_altar_kikubaaqudgha,
          minmay_temple_entry_butterflies, serial_shops,
          nicolae_shop_behind_doors, uniq_duvessa
D:8:      layout_basic, kennysheep_mini_moat, dpeg_lair_monsters,
          enter_bailey_7, uniq_psyche
D:9:      layout_roguey
D:10:     layout_gridville
Lair:1:   layout_regular_city
Lair:2:   layout_regular_city, minmay_swamp_entry_eels,
          nicolae_spider_entry_orb_guardian, roderic_carrion_pond
Lair:3:   layout_gridlike, portal_ice_cave_entry_imps, tgw_fedhas,
          lemuel_fruit_fields
Lair:4:   cheibrodos_lair_river_kwai, layout_regular_city,
          gammafunk_ghost_hydra_chop
Lair:5:   layout_gridlike
Lair:6:   evilmike_catoblepas_cave, layout_gridlike, slime_altar_2, uniq_urug

Skill      XL: |  1  2  3  4  5  6  7  8  9 10 11 12 13 |
---------------+----------------------------------------+-----
Fighting       | 4 5 6 7 8 9 |  9.8
Axes           | 2 3 4 5 6 7 |  7.2
Armour         | 2 3 4 5 6 7 |  7.7
Invocations    | 3 4 6 7 8 9 10 | 10.1
Evocations     | 1 |  1.6
Dodging        | 1 2 3 4 5 6 |  6.6
Slings         | 1 4 8 10 11 | 11.8
Shields        | 1 2 3 |  3.2

Action                   |  1- 3 |  4- 6 |  7- 9 | 10-12 | 13-15 || total
-------------------------+-------+-------+-------+-------+-------++-------
Melee: Hand axe          |       |       |   519 |   108 |    10 ||   637
       Kick              |       |       |   132 |    28 |    36 ||   196
       Hunting sling     |       |       |     1 |       |       ||     1
       Broad axe         |       |       |       |       |    76 ||    76
 Fire: Hunting sling     |       |       |   154 |  1022 |       ||  1176
Invok: Depart the Abyss  |       |       |     1 |       |       ||     1
       Bend Space        |       |       |     1 |     2 |     1 ||     4
       Banish            |       |       |     1 |    10 |     4 ||    15
Evoke: Wand              |     3 |     9 |    11 |       |       ||    23
       Phantom mirror    |       |       |       |     1 |       ||     1
  Use: Scroll            |       |       |    23 |     9 |     5 ||    37
       Potion            |       |       |       |    11 |     1 ||    12
  Eat: Chunk             |       |       |    12 |    19 |     4 ||    35
       Ration            |       |       |     2 |     2 |     1 ||     5
Armor: Scale mail        |       |       |    87 |       |       ||    87
       Chain mail        |       |       |   209 |   185 |    36 ||   430
Dodge: Dodged            |       |       |   146 |    87 |    50 ||   283
Block: Other             |       |       |    68 |       |       ||    68
       Reflection        |       |       |     5 |     3 |       ||     8
       Buckler           |       |       |    56 |   207 |    65 ||   328

Table legend:
 A = Non-vault XP
 B = Vault XP
 C = Vault XP percentage of total XP
 D = Non-vault monster count
 E = Vault monster count
 F = Vault count percentage of total count
                 A         B        C        D         E       F
            +---------+---------+-------+---------+---------+-------
      Total |   27022 |   19989 |  42.5 |     289 |     160 |  35.6
            +---------+---------+-------+---------+---------+-------
        D:1 |     150 |       0 |   0.0 |      18 |       0 |   0.0
        D:2 |     198 |      54 |  21.4 |      32 |       3 |   8.6
        D:3 |     197 |       2 |   1.0 |      23 |       2 |   8.0
        D:4 |     507 |      18 |   3.4 |      24 |       1 |   4.0
        D:5 |     191 |      50 |  20.7 |      11 |      12 |  52.2
        D:6 |    1490 |     197 |  11.7 |      25 |       1 |   3.8
        D:7 |     730 |    1048 |  58.9 |      14 |      14 |  50.0
        D:8 |     805 |    4005 |  83.3 |      27 |      13 |  32.5
        D:9 |    1263 |       0 |   0.0 |      18 |       0 |   0.0
     Lair:1 |    4922 |       0 |   0.0 |      27 |       0 |   0.0
     Lair:2 |    4282 |    1416 |  24.9 |      23 |      10 |  30.3
     Lair:3 |    1998 |     123 |   5.8 |      12 |      12 |  50.0
     Lair:4 |    3533 |    3258 |  48.0 |      15 |       9 |  37.5
     Lair:5 |    5366 |       0 |   0.0 |      13 |       0 |   0.0
     Lair:6 |     590 |       0 |   0.0 |       3 |       0 |   0.0
    Abyss:3 |     359 |       0 |   0.0 |       2 |       0 |   0.0
    Abyss:4 |     441 |       0 |   0.0 |       2 |       0 |   0.0
    Ossuary |       0 |     330 | 100.0 |       0 |      39 | 100.0
     Bailey |       0 |     344 | 100.0 |       0 |       8 | 100.0
      IceCv |       0 |    9144 | 100.0 |       0 |      36 | 100.0
            +---------+---------+-------+---------+---------+-------
